 Dungeon Crawl Stone Soup version 0.30-a0-883-g5ad918d77d (webtiles) character file.

Game seed: 7454589270707030754

366 112233 the Magician (level 6, 0/32 HPs)
             Began as an Octopode Fire Elementalist on Mar 15, 2023.
             Killed from afar by an orc wizard (12 damage)
             ... with a puff of flame
             ... on level 4 of the Dungeon.
             The game lasted 00:04:37 (5176 turns).

112233 the Magician (Octopode Fire Elementalist)    Turns: 5176, Time: 00:04:37

Health: 0/32       AC:  1    Str:  7    XL:     6   Next: 68%
Magic:  13/15      EV: 13    Int: 20    God:
Gold:   210        SH:  0    Dex: 12    Spells: 11/17 levels left

rFire   . . .      SeeInvis .    l - +0 quarterstaff
rCold   . . .      Faith    .    (shield currently unavailable)
rNeg    . . .      Spirit   .    (helmet restricted)
rPois   .          Reflect  .    (no amulet)
rElec   .          Rampage  .    r - ring of willpower
rCorr   .          Rage     3%   (no ring)
Will    +....                    (no ring)
Stlth   +++                      (no ring)
HPRegen 0.25/turn                (no ring)
MPRegen 0.14/turn                (no ring)
                                 (no ring)
                                 (no ring)

@: brilliant, about to teleport, weakened
A: almost no armour, amphibious, 8 rings, camouflage 1, gelatinous body 1,
(nimble swimmer 1), tentacles, berserk 1, frail 1
a: no special abilities


You were on level 4 of the Dungeon.
You visited 1 branch of the dungeon, and saw 4 of its levels.

You collected 210 gold pieces.

Inventory:

Hand Weapons
 j - a +2 dagger of freezing
 l - a +0 quarterstaff (weapon)
 q - a +2 long sword of holy wrath
Missiles
 b - a throwing net
Jewellery
 r - a ring of willpower (left tentacle)
Wands
 c - a wand of iceblast (9)
Scrolls
 e - 2 scrolls of fog {unknown}
 f - 2 scrolls of teleportation
 k - 3 scrolls of identify {unknown}
 m - a scroll of enchant weapon {unknown}
 n - a scroll of amnesia {unknown}
 o - 2 scrolls of immolation {unknown}
Potions
 a - a potion of magic
 h - a potion of flight {unknown}
 i - a potion of invisibility {unknown}
 p - a potion of degeneration {unknown}


   Skills:
 - Level 2.1 Dodging
 - Level 2.9 Stealth
 + Level 6.2 Spellcasting
 - Level 1.2 Conjurations
 - Level 3.1 Fire Magic


You had 11 spell levels left.
You knew the following spells:

 Your Spells              Type           Power      Damage    Failure   Level
a - Foxfire               Conj/Fire      88%        2x1d8     4%          1
b - Scorch                Fire           54%        2d7       4%          2
c - Inner Flame           Hex/Fire       18%        N/A       16%         3

Your spell library contained the following spells:

 Spells                   Type           Power      Damage    Failure   Level
 Ignite Poison            Fire/Tmut/Pois 15%        N/A       21%         3
 Kindle Blastsparks       Fire/Tloc/Air  30%        2d12      21%         3
 Flame Wave               Conj/Fire      22%        2d8       38%         4
 Freezing Cloud           Conj/Ice/Air   5%         6-21      94%         5


Dungeon Overview and Level Annotations

Branches:
Dungeon (4/15)
 Temple: D:4-7

Altars:

Shops:
D:2 :

Annotations:
D:4 3 runed translucent doors, jovan2203's ghost, novice VSFi


Innate Abilities, Weirdness & Mutations

You cannot wear most types of armour.
You are amphibious.
You can wear up to eight rings at the same time.
Your skin changes colour to match your surroundings (Stealth+).
Your rubbery body absorbs attacks. (AC +1, EV +1)
((You are camouflaged when in or above water. (Stealth+)))
You have tentacles for arms and can constrict up to eight enemies at once.
You sometimes lose your temper in combat.
You are frail. (-10% HP)


Message History

You constrict the gnoll bouda.
The gnoll bouda hits you with a +0 club.
Unknown command.
You feel better.
You constrict the gnoll bouda. The gnoll bouda misses you.
Magic courses through your body.
You constrict the gnoll bouda.
The gnoll bouda gazes fiercely through you!
You feel your attacks grow feeble. The gnoll bouda barely misses you.
Casting: Scorch (safe; 4% risk of failure)
Confirm with . or Enter, or press ? or * to list all spells.
You feel a surge of power!
Flames lash something.
You constrict the gnoll bouda.
The gnoll is no longer moving quickly.
The gnoll bouda barely misses you.
You constrict the gnoll bouda.
You kill the gnoll bouda!
You hear some strange, mumbled words.
A puff of flame appears from out of thin air!
The puff of flame hits you!
Unknown command.
Unknown command.
Okay, then.
Unknown command.
Okay, then.
Okay, then.
As you read the scroll labelled HUSSIU IGANI, it crumbles to dust.
You feel strangely unstable.
It was a scroll of teleportation.
The worm is no longer more vulnerable to fire.
You hear some strange, mumbled words.
A puff of flame appears from out of thin air!
The puff of flame misses you.
Unknown command.
Casting: Scorch (safe; 4% risk of failure)
Confirm with . or Enter, or press ? or * to list all spells.
You feel a surge of power!
Flames lash the worm.
The worm is almost dead.
The worm's fire resistance burns away.
You hear some strange, mumbled words.
A puff of flame appears from out of thin air!
The puff of flame hits you!
You die...

#.####.....###.#
#......##### #.#
######## ##.# ##....
##....# ###..#### #....#
.
######.#..##########....
#.........@){wgggg)..)..
#####..#.##########go...
#......#.# ...
#........# . #......###
##.##### #. . #


You could see a worm (combustible) and 4 gnolls.

Vanquished Creatures
  An ogre (D:4)
  A hound (D:4)
  A jelly (D:4)
  A gnoll bouda (D:4)
  Ijyb (D:4)
  An orc wizard (D:2)
  2 adders
  3 gnolls (D:3)
  4 dart slugs
  9 orcs
  6 ball pythons
  7 endoplasms
  2 giant cockroaches
  8 hobgoblins
  3 jackals (D:1)
  3 quokkas
  3 bats (D:1)
  6 frilled lizards
  6 goblins (D:1)
  8 kobolds
  3 rats
79 creatures vanquished.

Vanquished Creatures (collateral kills)
  3 foxfires (D:1)
3 creatures vanquished.

Vanquished Creatures (others)
  297 foxfires
  A fungus (D:1)
  3 plants (D:1)
301 creatures vanquished.

Grand Total: 383 creatures vanquished

Notes
Turn   | Place    | Note
-------+----------+-------------------------------------------
     0 | D:1      | 112233 the Octopode Fire Elementalist began the quest for
                  | the Orb.
     0 | D:1      | Reached XP level 1. HP: 11/11 MP: 3/3
   334 | D:1      | Reached XP level 2. HP: 17/17 MP: 1/5
   510 | D:1      | Learned a level 2 spell: Scorch
   797 | D:1      | Found a faded altar of an unknown god.
  1191 | D:1      | Reached XP level 3. HP: 21/21 MP: 2/7
  1297 | D:1      | Reached skill level 3 in Spellcasting
  2252 | D:2      | Reached XP level 4. HP: 18/27 MP: 1/9
  2511 | D:2      | Reached skill level 4 in Spellcasting
  2812 | D:2      | Learned a level 3 spell: Inner Flame
  2899 | D:2      | Found Yptev's Book Shop.
  3271 | D:3      | Reached XP level 5. HP: 31/31 MP: 1/11
  4770 | D:4      | Noticed an ogre
  4773 | D:4      | Gained mutation: You are frail. (-10% HP) [potion of
                  | mutation]
  4773 | D:4      | Gained mutation: You sometimes lose your temper in combat.
                  | [potion of mutation]
  4778 | D:4      | Killed an ogre
  4779 | D:4      | Reached skill level 5 in Spellcasting
  4779 | D:4      | Reached XP level 6. HP: 32/32 MP: 6/14
  4934 | D:4      | Noticed jovan2203's ghost (novice VSFi)
  4945 | D:4      | Noticed Ijyb
  4961 | D:4      | Killed Ijyb
  4967 | D:4      | Reached skill level 6 in Spellcasting
  5074 | D:4      | Found a runed translucent gate.
  5074 | D:4      | Found a runed translucent gate.
  5074 | D:4      | Found a runed translucent gate.
  5176 | D:4      | Killed from afar by an orc wizard

Illustrated notes

Levels and vault maps discovered:
D:1:      shiori_arrival_oz, layout_basic,
          shapermc_ecumenical_altar_mp_urbaneastern
D:2:      layout_rooms, serial_shops, shop, minmay_heptomino_d4
D:3:      layout_basic
D:4:      layout_rooms, nicolae_gozag_cash_rules_everything_around_me,
          gammafunk_ghost_split, bh_walls_and_bars, uniq_ijyb

Skill      XL: |  1  2  3  4  5  6 |
---------------+-------------------+-----
Spellcasting   | 3 4 5 6 |  6.2
Dodging        | |  2.1
Stealth        | |  2.9
Conjurations   | |  1.2
Fire Magic     | |  3.1

Action                     |  1- 3 |  4- 6 || total
---------------------------+-------+-------++-------
  Melee: Quarterstaff      |       |     2 ||     2
         Constrict         |       |     1 ||     1
   Cast: Foxfire           |    93 |    89 ||   182
         Scorch            |     8 |    35 ||    43
  Evoke: Wand              |       |     1 ||     1
    Use: Potion            |       |     7 ||     7
         Scroll            |       |     1 ||     1
  Dodge: Dodged            |     7 |    26 ||    33

Table legend: (Time is in decaauts)
 A = Elapsed time spent in this place.
 B = Non-inter-level travel time spent in this place.
 C = Inter-level travel time spent in this place.
 D = Time resting spent in this place.
 E = Time spent auto-exploring this place.
 F = Levels seen in this place.
 G = Mean time per level.
                   A        B        C        D        E       F      G
               +--------+--------+--------+--------+--------+-----+--------+
         Total |   5175 |   5063 |    112 |    719 |   3645 |   4 | 1293.8 |
       Dungeon |   5175 |   5063 |    112 |    719 |   3645 |   4 | 1293.8 |
               +--------+--------+--------+--------+--------+-----+--------+

Top non-repeatable levels by time:
     D:1: 2110 daAuts
     D:3: 1595 daAuts
     D:2: 1035 daAuts
     D:4: 433 daAuts
